APP
CLEVELAND (APP) INDIANS @ OAKLAND (APP) ATHLETICS
09/26/2049
 
TOP OF THE 1ST
Cleveland (APP) Indians batting - Pitching for Oakland (APP) Athletics : RHP Paul Olson
Pitching: RHP Paul Olson
Batting: SHB Jack Tierney 0-0: Swinging Strike
0-1: Ball
1-1: Foul Ball, location: 2F
1-2: Foul Ball, location: 2F
1-2: Strikes out swinging
Batting: RHB Xavier Bartolani 0-0: Ball
1-0: Ball
2-0: Foul Ball, location: 2F
2-1: SOLO HOME RUN (Flyball, 7LD, EV 96.2 MPH), Distance : 373 ft
Batting: LHB Mario Garza 0-0: Swinging Strike
0-1: Foul Ball, location: 2F
0-2: Ground out U3 (Groundball, 3, EV 104.4 MPH)
Batting: RHB Makoto Narita 0-0: Called Strike
0-1: Called Strike
0-2: Ball
1-2: Foul Ball, location: 2F
1-2: Ball
2-2: Fly out, F8 (Flyball, 78D, EV 100.0 MPH)
Top of the 1st over - 1 run, 1 hit, 0 errors, 0 left on base; Cleveland (APP) 1 - Oakland (APP) 0
BOTTOM OF THE 1ST
Oakland (APP) Athletics batting - Pitching for Cleveland (APP) Indians : LHP Eddy Gonzalez
Pitching: LHP Eddy Gonzalez
Batting: RHB Gabe Secundino 0-0: Called Strike
0-1: Foul Ball, location: 2F
0-2: Foul Ball, location: 2F
0-2: Ball
1-2: Strikes out swinging
Batting: SHB Raul Herrera 0-0: Called Strike
0-1: DOUBLE (Line Drive, 9LM, EV 111.2 MPH)
Batting: RHB Phoctor Dill 0-0: Called Strike
0-1: Foul Ball, location: 2F
0-2: Strikes out looking
Batting: RHB Toyohiko Nakajima 0-0: Called Strike
0-1: Called Strike
0-2: Ball
1-2: Ball
2-2: Ball
3-2: Strikes out looking
Bottom of the 1st over - 0 runs, 1 hit, 0 errors, 1 left on base; Cleveland (APP) 1 - Oakland (APP) 0
TOP OF THE 2ND
Cleveland (APP) Indians batting - Pitching for Oakland (APP) Athletics : RHP Paul Olson
Batting: SHB Jay Rook 0-0: Ball
1-0: Foul Ball, location: 2F
1-1: Ball
2-1: Foul Ball, location: 2F
2-2: Ball
3-2: SINGLE (Groundball, 6MD, EV 105.6 MPH)
Batting: RHB Justin Teague 0-0: Ball
1-0: Foul Ball, location: 2F
1-1: Ball
2-1: Ball
3-1: Called Strike
3-2: Fly out, F8 (Flyball, 8RXD, EV 108.1 MPH)
Batting: RHB Rob Marti 0-0: Ball
1-0: Called Strike
1-1: Fly out, F9 (Flyball, 9LD, EV 99.4 MPH)
Batting: LHB Mesfin Azagba 0-0: Ball
1-0: Ball
2-0: Called Strike
2-1: Foul Ball, location: 2F
2-2: Foul Ball, location: 2F
2-2: DOUBLE (Flyball, 89XD, EV 93.8 MPH)
Jay Rook to third
Runner from 3rd tries for Home, SAFE, throw by RF to trailing runner, SAFE at third!
Batting: SHB Luis de Leon 0-0: Ball
1-0: Foul Ball, location: 2F
1-1: Foul Ball, location: 2F
1-2: Ball
2-2: Strikes out swinging
Top of the 2nd over - 1 run, 2 hits, 0 errors, 1 left on base; Cleveland (APP) 2 - Oakland (APP) 0
BOTTOM OF THE 2ND
Oakland (APP) Athletics batting - Pitching for Cleveland (APP) Indians : LHP Eddy Gonzalez
Batting: RHB Pete Goerge 0-0: Foul Ball, location: 2F
0-1: Ball
1-1: Swinging Strike
1-2: Strikes out swinging
Batting: LHB Ben Landry 0-0: Called Strike
0-1: Foul Ball, location: 2F
0-2: Strikes out looking
Batting: LHB Diego Vega 0-0: Called Strike
0-1: Called Strike
0-2: Ball
1-2: Foul Ball, location: 2F
1-2: Foul Ball, location: 2F
1-2: Foul Ball, location: 2F
1-2: Ball
2-2: Ball
3-2: Base on Balls
Batting: LHB Bryan Hodensack 0-0: Ball
1-0: Swinging Strike
1-1: Foul Ball, location: 2F
1-2: SINGLE (Flyball, 6MD, EV 87.5 MPH)
Diego Vega to second
Diego Vega to third
Batting: RHB Dave Villarreal 0-0: Swinging Strike
0-1: Ball
1-1: Foul Ball, location: 2F
1-2: Strikes out swinging
Bottom of the 2nd over - 0 runs, 1 hit, 0 errors, 2 left on base; Cleveland (APP) 2 - Oakland (APP) 0
TOP OF THE 3RD
Cleveland (APP) Indians batting - Pitching for Oakland (APP) Athletics : RHP Paul Olson
Batting: SHB Jack Tierney 0-0: Ball
1-0: Ball
2-0: Ball
3-0: Called Strike
3-1: Foul Ball, location: 2F
3-2: SINGLE (Line Drive, 9S, EV 105.0 MPH)
Batting: RHB Xavier Bartolani 0-0: Called Strike
0-1: Ball
1-1: Called Strike
1-2: Ball
2-2: Strikes out looking
Batting: LHB Mario Garza 0-0: Ball
1-0: Called Strike
1-1: Foul Ball, location: 2F
1-2: Strikes out swinging
Batting: RHB Makoto Narita 0-0: Ball
Jack Tierney steals 2nd base (no throw)
1-0: Ball
2-0: Ball
3-0: Called Strike
3-1: Base on Balls
Batting: SHB Jay Rook 0-0: Ball
1-0: Swinging Strike
1-1: Foul Ball, location: 2F
1-2: Ball
2-2: Ground out U3 (Groundball, 3, EV 91.2 MPH)
Top of the 3rd over - 0 runs, 1 hit, 0 errors, 2 left on base; Cleveland (APP) 2 - Oakland (APP) 0
BOTTOM OF THE 3RD
Oakland (APP) Athletics batting - Pitching for Cleveland (APP) Indians : LHP Eddy Gonzalez
Batting: RHB Gabe Secundino 0-0: Ball
1-0: Ball
2-0: Ball
3-0: Base on Balls
Batting: SHB Raul Herrera 0-0: Grounds into double play, 6-4-3 (Groundball, 6, EV 86.9 MPH)
Batting: RHB Phoctor Dill 0-0: DOUBLE (Flyball, 8RXD, EV 105.0 MPH)
Batting: RHB Toyohiko Nakajima 0-0: Ball
1-0: Ball
2-0: Called Strike
2-1: Ball
3-1: Called Strike
3-2: Foul Ball, location: 2F
3-2: DOUBLE (Line Drive, 8RXD, EV 107.5 MPH)
Phoctor Dill scores
Batting: RHB Pete Goerge 0-0: Called Strike
0-1: Ball
1-1: Ground out 3-1 (Groundball, 13, EV 82.5 MPH)
Bottom of the 3rd over - 1 run, 2 hits, 0 errors, 1 left on base; Cleveland (APP) 2 - Oakland (APP) 1
TOP OF THE 4TH
Cleveland (APP) Indians batting - Pitching for Oakland (APP) Athletics : RHP Paul Olson
Pitching: RHP Jason Palmer
Batting: RHB Justin Teague 0-0: Called Strike
0-1: Ball
1-1: Swinging Strike
1-2: Ball
2-2: Ball
3-2: Base on Balls
Batting: RHB Rob Marti 0-0: Called Strike
0-1: Ball
1-1: 2-RUN HOME RUN (Line Drive, 7D, EV 112.5 MPH), Distance : 437 ft
Batting: LHB Mesfin Azagba 0-0: Swinging Strike
0-1: Foul Ball, location: 2F
0-2: Foul Ball, location: 2F
0-2: Ball
1-2: Ball
2-2: Ball
3-2: Ground out 5-3 (Groundball, 56, EV 85.6 MPH)
Batting: SHB Luis de Leon 0-0: Ball
1-0: Foul Ball, location: 2F
1-1: Ball
2-1: Called Strike
2-2: Strikes out swinging
Batting: SHB Jack Tierney 0-0: Fly out, F3 (Line Drive, 34, EV 68.1 MPH)
Top of the 4th over - 2 runs, 1 hit, 0 errors, 0 left on base; Cleveland (APP) 4 - Oakland (APP) 1
BOTTOM OF THE 4TH
Oakland (APP) Athletics batting - Pitching for Cleveland (APP) Indians : LHP Eddy Gonzalez
Batting: LHB Ben Landry 0-0: Ball
1-0: Ball
2-0: Ball
3-0: Base on Balls
Batting: LHB Diego Vega 0-0: Foul Ball, location: 2F
0-1: Called Strike
0-2: Ball
1-2: Ball
2-2: Fielders Choice at 2nd, 3-6 (Groundball, 3, EV 87.5 MPH)
Batting: LHB Bryan Hodensack 0-0: Ball
1-0: Fly out, F9 (Line Drive, 9, EV 97.5 MPH)
Batting: RHB Dave Villarreal 0-0: Called Strike
0-1: Ball
1-1: Ground out 4-3 (Groundball, 4, EV 84.4 MPH)
Bottom of the 4th over - 0 runs, 0 hits, 0 errors, 1 left on base; Cleveland (APP) 4 - Oakland (APP) 1
TOP OF THE 5TH
Cleveland (APP) Indians batting - Pitching for Oakland (APP) Athletics : RHP Jason Palmer
Batting: RHB Xavier Bartolani 0-0: Called Strike
0-1: Foul Ball, location: 2F
0-2: Ball
1-2: Fly out, F8 (Flyball, 8RD, EV 105.0 MPH)
Batting: LHB Mario Garza 0-0: Ball
1-0: Ball
2-0: Called Strike
2-1: Foul Ball, location: 2F
2-2: Strikes out swinging
Batting: RHB Makoto Narita 0-0: Called Strike
0-1: Ball
1-1: Swinging Strike
1-2: Strikes out swinging
Top of the 5th over - 0 runs, 0 hits, 0 errors, 0 left on base; Cleveland (APP) 4 - Oakland (APP) 1
BOTTOM OF THE 5TH
Oakland (APP) Athletics batting - Pitching for Cleveland (APP) Indians : LHP Eddy Gonzalez
Batting: RHB Gabe Secundino 0-0: Ball
1-0: Called Strike
1-1: Fly out, F8 (Flyball, 8LD, EV 95.0 MPH)
Batting: SHB Raul Herrera 0-0: Swinging Strike
0-1: Ball
1-1: Swinging Strike
1-2: Ball
2-2: Ball
3-2: Base on Balls
Batting: RHB Phoctor Dill 0-0: DOUBLE (Line Drive, 8RXD, EV 105.0 MPH)
Raul Herrera to third
Pitching: RHP Roberto Lamadrid
Batting: RHB Toyohiko Nakajima 0-0: Ball
1-0: Ball
2-0: Ball
3-0: Base on Balls
Batting: RHB Pete Goerge 0-0: Ball
1-0: Called Strike
1-1: Swinging Strike
1-2: Strikes out looking
Batting: LHB Ben Landry 0-0: Ball
1-0: Called Strike
1-1: Fly out, F4 (Line Drive, 4, EV 65.0 MPH)
Bottom of the 5th over - 0 runs, 1 hit, 0 errors, 3 left on base; Cleveland (APP) 4 - Oakland (APP) 1
TOP OF THE 6TH
Cleveland (APP) Indians batting - Pitching for Oakland (APP) Athletics : RHP Jason Palmer
Batting: SHB Jay Rook 0-0: Ball
1-0: Ball
2-0: Ball
3-0: Called Strike
3-1: Base on Balls
Pitching: RHP Albie Cisneros
Batting: RHB Justin Teague 0-0: Called Strike
0-1: Called Strike
Jay Rook steals 2nd base
0-2: Ball
Wild Pitch!
Jay Rook to third
1-2: Strikes out looking
Batting: RHB Rob Marti 0-0: Foul Ball, location: 2F
0-1: Ball
1-1: Ball
2-1: Ball
3-1: SINGLE (Line Drive, 9S, EV 96.9 MPH)
Jay Rook scores
Batting: LHB Mesfin Azagba 0-0: Called Strike
0-1: Ball
1-1: SINGLE (Groundball, 6MD, EV 98.8 MPH)
Rob Marti to second
Runner from 2nd tries for 3rd, SAFE, no throw by CF
Batting: SHB Luis de Leon 0-0: Ball
1-0: Called Strike
1-1: Ball
2-1: Called Strike
2-2: Ball
3-2: SINGLE (Flyball, 9S, EV 91.9 MPH)
Rob Marti scores
Mesfin Azagba to second
Batting: SHB Jack Tierney 0-0: Ball
1-0: Ball
2-0: Called Strike
2-1: Ball
3-1: Base on Balls
Mesfin Azagba to third
Luis de Leon to second
Batting: RHB Xavier Bartolani 0-0: Ball
1-0: Called Strike
1-1: Ball
Wild Pitch!
Mesfin Azagba scores
Luis de Leon to third
Jack Tierney to second
2-1: Foul Ball, location: 2F
2-2: Foul Ball, location: 2F
2-2: Strikes out looking
Pitching: LHP Logan Stewart
Batting: LHB Mario Garza 0-0: Ground out 6-3 (Groundball, 6, EV 86.2 MPH)
Top of the 6th over - 3 runs, 3 hits, 0 errors, 2 left on base; Cleveland (APP) 7 - Oakland (APP) 1
BOTTOM OF THE 6TH
Oakland (APP) Athletics batting - Pitching for Cleveland (APP) Indians : RHP Roberto Lamadrid
Batting: LHB Diego Vega 0-0: DOUBLE (Flyball, 8LXD, EV 103.1 MPH)
Batting: LHB Bryan Hodensack 0-0: Ball
1-0: Foul Ball, location: 2F
1-1: Called Strike
1-2: DOUBLE (Line Drive, 89D, EV 110.6 MPH)
Diego Vega scores
Batting: RHB Dave Villarreal 0-0: Ball
1-0: Foul Ball, location: 2LF, Error on foul ball, E2
1-1: Ball
2-1: Ball
3-1: Foul Ball, location: 2F
3-2: Strikes out swinging
Batting: RHB Gabe Secundino 0-0: Ball
1-0: Ball
2-0: Called Strike
2-1: Ball
3-1: Swinging Strike
3-2: Strikes out swinging
Pitching: LHP Eduardo Alvarez
Batting: SHB Raul Herrera 0-0: Called Strike
0-1: Ball
1-1: Hit by Pitch
Batting: RHB Phoctor Dill 0-0: Fly out, F5 (Popup, 25, EV 85.6 MPH)
Bottom of the 6th over - 1 run, 2 hits, 1 error, 2 left on base; Cleveland (APP) 7 - Oakland (APP) 2
TOP OF THE 7TH
Cleveland (APP) Indians batting - Pitching for Oakland (APP) Athletics : LHP Logan Stewart
Batting: RHB Makoto Narita 0-0: Ball
1-0: Called Strike
1-1: Foul Ball, location: 2F
1-2: Ball
2-2: Foul Ball, location: 2F
2-2: Ball
3-2: Ground out 5-3 (Groundball, 56S, EV 93.8 MPH)
Batting: SHB Jay Rook 0-0: Ball
1-0: Ball
2-0: Swinging Strike
2-1: Called Strike
2-2: Foul Ball, location: 2F
2-2: Strikes out swinging, 2-3 out at first.
Batting: RHB Justin Teague 0-0: Ball
1-0: Called Strike
1-1: Ball
2-1: Ground out 5-3 (Groundball, 5S, EV 73.8 MPH)
Top of the 7th over - 0 runs, 0 hits, 0 errors, 0 left on base; Cleveland (APP) 7 - Oakland (APP) 2
BOTTOM OF THE 7TH
Oakland (APP) Athletics batting - Pitching for Cleveland (APP) Indians : LHP Eduardo Alvarez
Batting: RHB Toyohiko Nakajima 0-0: Swinging Strike
0-1: Ball
1-1: Called Strike
1-2: Foul Ball, location: 2F
1-2: Strikes out looking
Batting: RHB Pete Goerge 0-0: Ground out 6-3 (Groundball, 6, EV 83.8 MPH)
Batting: LHB Ben Landry 0-0: Fly out, F9 (Line Drive, 89M, EV 91.2 MPH)
Bottom of the 7th over - 0 runs, 0 hits, 0 errors, 0 left on base; Cleveland (APP) 7 - Oakland (APP) 2
TOP OF THE 8TH
Cleveland (APP) Indians batting - Pitching for Oakland (APP) Athletics : LHP Logan Stewart
Batting: RHB Rob Marti 0-0: DOUBLE (Line Drive, 78XD, EV 105.0 MPH)
Batting: LHB Mesfin Azagba 0-0: Ball
1-0: Called Strike
1-1: Fly out, F8 (Flyball, 8RD, EV 94.4 MPH)
Runner from 2nd tags up, SAFE at 3rd with throw by CF
Batting: SHB Luis de Leon 0-0: Called Strike
0-1: Fly out, F8 (Flyball, 8LM, EV 82.5 MPH)
Pitching: RHP Bill McAskill
Batting: SHB Jack Tierney 0-0: Ball
1-0: Ball
2-0: Ground out 4-3 (Groundball, 4, EV 90.6 MPH)
Top of the 8th over - 0 runs, 1 hit, 0 errors, 1 left on base; Cleveland (APP) 7 - Oakland (APP) 2
BOTTOM OF THE 8TH
Oakland (APP) Athletics batting - Pitching for Cleveland (APP) Indians : LHP Eduardo Alvarez
Batting: LHB Diego Vega 0-0: Called Strike
0-1: Foul Ball, location: 2F
0-2: Strikes out swinging
Pinch Hitting: RHB Nathaniel Adderley 0-0: Ball
1-0: SINGLE (Flyball, 7S, EV 91.9 MPH)
Batting: RHB Dave Villarreal 0-0: Called Strike
0-1: Foul Ball, location: 2F
0-2: Strikes out swinging
Batting: RHB Gabe Secundino 0-0: Ground out 5-3 (Groundball, 56S, EV 66.2 MPH)
Bottom of the 8th over - 0 runs, 1 hit, 0 errors, 1 left on base; Cleveland (APP) 7 - Oakland (APP) 2
TOP OF THE 9TH
Cleveland (APP) Indians batting - Pitching for Oakland (APP) Athletics : RHP Bill McAskill
Now in CF: Nathaniel Adderley
Batting: RHB Xavier Bartolani 0-0: SINGLE (Flyball, 9LS, EV 93.1 MPH) - OUT at second base trying to stretch hit.
Batting: LHB Mario Garza 0-0: Ball
1-0: Ball
2-0: SOLO HOME RUN (Flyball, 9LD, EV 95.0 MPH), Distance : 377 ft
Batting: RHB Makoto Narita 0-0: Ball
1-0: Ball
2-0: Ball
3-0: Foul Ball, location: 2F
3-1: SINGLE (Groundball, 56D, EV 96.9 MPH)
Batting: SHB Jay Rook 0-0: Ball
1-0: Foul Ball, location: 2F
1-1: Ball
2-1: DOUBLE (Line Drive, 9LM, EV 105.6 MPH)
Makoto Narita to third
Batting: RHB Justin Teague 0-0: Called Strike
0-1: Ball
1-1: Foul Ball, location: 2F
1-2: Foul Ball, location: 2F
1-2: Fly out, F8 (Flyball, 8RXD, EV 107.5 MPH)
Runner from 3rd tags up, SCORES, no throw by CF
Jay Rook to third
Batting: RHB Rob Marti 0-0: Ball
1-0: Foul Ball, location: 2F
1-1: Ball
2-1: Ball
3-1: Base on Balls
Batting: LHB Mesfin Azagba 0-0: Called Strike
0-1: Foul Ball, location: 2F
0-2: Ball
1-2: Foul Ball, location: 2F
1-2: Ball
2-2: Strikes out swinging
Top of the 9th over - 2 runs, 4 hits, 0 errors, 2 left on base; Cleveland (APP) 9 - Oakland (APP) 2
BOTTOM OF THE 9TH
Oakland (APP) Athletics batting - Pitching for Cleveland (APP) Indians : LHP Eduardo Alvarez
Pinch Hitting: RHB Matt Aston 0-0: Ball
1-0: Ball
2-0: Foul Ball, location: 2F
2-1: Foul Ball, location: 2F
2-2: Foul Ball, location: 2F
2-2: Ball
3-2: Base on Balls
Pitching: LHP Sam Johnson
Pinch Hitting: RHB Jeff Goodrum 0-0: Ball
1-0: Called Strike
1-1: Fly out, F8 (Flyball, 8LD, EV 91.9 MPH)
Batting: RHB Toyohiko Nakajima 0-0: Foul Ball, location: 2F
0-1: Ball
1-1: Foul Ball, location: 2F
1-2: Grounds into double play, 6-4-3 (Groundball, 6, EV 97.5 MPH)
Bottom of the 9th over - 0 runs, 0 hits, 0 errors, 0 left on base; Cleveland (APP) 9 - Oakland (APP) 2
Sunday, July 16th , 2023 - OOTP Baseball 24.6 Build 69